 Dungeon Crawl Stone Soup version 0.29.1-15-g9cfb28693d (webtiles) character file.

Game seed: 13525399664483731775

23 nightchill the Caller (level 3, 0/20 HPs)
             Began as a Tengu Summoner on Apr 3, 2023.
             Constricted to death by Sigmund (3 damage)
             ... on level 2 of the Dungeon.
             The game lasted 00:01:30 (1220 turns).

nightchill the Caller (Tengu Summoner)              Turns: 1220, Time: 00:01:31

Health: 0/20       AC:  2    Str:  8    XL:     3   Next: 0%
Magic:  7/7        EV:  9    Int: 17    God:
Gold:   32         SH:  0    Dex: 14    Spells: 5/6 levels left

rFire   . . .      SeeInvis .   e - +0 dagger
rCold   . . .      Faith    .   (no shield)
rNeg    . . .      Spirit   .   a - +0 robe
rPois   .          Reflect  .   (helmet restricted)
rElec   .          Harm     .   (no cloak)
rCorr   .          Rampage  .   (no gloves)
Will    .....                   (boots unavailable)
Stlth   ++........              (no amulet)
HPRegen 0.06/turn               (no ring)
MPRegen 0.10/turn               (no ring)

@: grasped by roots, constricted
A: beak, talons 3
a: no special abilities


You were on level 2 of the Dungeon.
You visited 1 branch of the dungeon, and saw 2 of its levels.

You collected 32 gold pieces.

Inventory:

Hand Weapons
 e - a +0 dagger (weapon)
Armour
 a - a +0 robe (worn)
Scrolls
 c - a scroll of identify {unknown}
 i - a scroll of teleportation {unknown}
Potions
 b - a potion of magic
 d - a potion of heal wounds {unknown}
 f - 2 potions of brilliance {unknown}
 g - a potion of mutation {unknown}
 h - a potion of curing {unknown}


   Skills:
 + Level 1.0 Fighting
 - Level 2.1 Dodging
 * Level 2.5 Stealth
 + Level 2.2 Spellcasting
 * Level 5.1 Summonings


You had 5 spell levels left.
You knew the following spells:

 Your Spells              Type           Power      Damage    Failure   Level
a - Summon Small Mammal   Summ           76%        N/A       2%          1

Your spell library contained the following spells:

 Spells                   Type           Power      Damage    Failure   Level
 Call Imp                 Summ           19%        N/A       3%          2
 Call Canine Familiar     Summ           19%        N/A       7%          3
 Summon Guardian Golem    Hex/Summ       10%        N/A       21%         3
 Summon Lightning Spire   Summ/Air       10%        N/A       54%         4


Dungeon Overview and Level Annotations

Branches:
Dungeon (2/15)

Altars:

Shops:
D:1 *

Annotations:
D:2 Sigmund


Innate Abilities, Weirdness & Mutations

You have a beak for a mouth.
You have claws for feet.


Message History

You see here a +0 ring mail.
You see here a +0 ring mail.
Found a sling.
You open the door.
There is an open door here.
There is an open door here.
There is a shaft here.
Done exploring.
Done exploring.
Done exploring.
Done exploring.
Search for what [? for help]? .
(D) Dungeon
Where to? (? - help)
There is a stone staircase leading down here.
You climb downwards.
Found a whip.
There is a stone staircase leading up here.
Sigmund the Dreaded comes into view.
He is wielding a +0 scythe and carrying a wand of roots (14).
Unknown command.
Found a stone staircase leading down.
Sigmund shouts!
Sigmund barely misses you.
You hit Sigmund but do no damage. You hit Sigmund.
You claw Sigmund, but do no damage. You peck Sigmund.
Sigmund is lightly wounded.
Sigmund zaps a wand.
The roots erupt in riotous growth!
The grasping roots grab you!
Sigmund is unaffected.
The grasping roots constrict you.
You hear an angry hiss.
You hit Sigmund. You peck Sigmund, but do no damage.
Sigmund is lightly wounded.
Sigmund hits you with a +0 scythe. The grasping roots constrict you.
* * * LOW HITPOINT WARNING * * *
You hit Sigmund. Your kick misses Sigmund. You peck Sigmund.
Sigmund is moderately wounded.
Sigmund hits you with a +0 scythe.
* * * LOW HITPOINT WARNING * * *
The grasping roots constrict you.
You die...

#.#..
#.#.#
...#
#..#
#).#
#..###
#...##
#.#..##
#<##@.#
#####@#
...
##..#
..# >#
#


You could see Sigmund.

Vanquished Creatures
  3 endoplasms (D:1)
  A goblin (D:1)
  3 jackals (D:1)
  3 kobolds (D:1)
  A quokka (D:1)
  3 bats (D:1)
  A rat (D:1)
15 creatures vanquished.

Vanquished Creatures (collateral kills)
  2 hobgoblins (D:1)
  A jackal (D:1)
  A quokka (D:1)
  A kobold (D:1)
5 creatures vanquished.

Grand Total: 20 creatures vanquished

Notes
Turn   | Place    | Note
-------+----------+-------------------------------------------
     0 | D:1      | nightchill the Tengu Summoner began the quest for the Orb.
     0 | D:1      | Reached XP level 1. HP: 10/10 MP: 4/4
   413 | D:1      | Reached skill level 5 in Summonings
   413 | D:1      | Reached XP level 2. HP: 15/15 MP: 3/6
   649 | D:1      | Found Yvoelos's General Store.
   986 | D:1      | Reached skill level 1 in Fighting
   986 | D:1      | Reached XP level 3. HP: 15/20 MP: 7/7
  1213 | D:2      | Noticed Sigmund
  1220 | D:2      | Constricted to death by Sigmund

Illustrated notes

Levels and vault maps discovered:
D:1:      mainiacjoe_arrival_reflecting_pool, layout_basic, serial_shops, shop,
          hangedman_abyss_or_decor_lesser_grid
D:2:      layout_basic, chequers_ecumenical_altar_island, uniq_natasha,
          uniq_sigmund

Skill      XL: |  1  2 |
---------------+-------+-----
Summonings     | 5 |  5.1
Fighting       | 1 |  1.0
Dodging        | |  2.1
Stealth        | |  2.5
Spellcasting   | |  2.2

Action                   || total
-------------------------++-------
Melee: Unarmed           ||    10
       Dagger            ||    38
       Kick              ||    10
       Peck              ||     9
 Cast: Summon Small Mamm ||     9
 Stab: Sleeping          ||     2
Armor: Robe              ||    11
Dodge: Dodged            ||    30
